AoeStats
← TheBoogeyman

Arena

510486457Analyzed
3v3 RM · 14h ago on Oct 1, 2026· 37m 3s· 6 players
Game mode
Random Map
Map size
Normal (6 player)
Population
200
Speed
Normal
Resources
Standard
Victory
Conquest
Starting age
Dark Age
Ending age
Imperial Age
RankedLock teamsTeams togetherTeam positionsShared explorationLock speedFull tech treeHidden civsTurbo modeCheats
Victory
Defeat
🇫🇷 Khitans · France
1688
+13
🇫🇷 Bulgarians · France
1489
+21
🇫🇷 Aztecs · France
1418
+23
🇨🇳 Maya · China
1632
-20
🇩🇪 Turks · Germany
1631
-20
🇨🇦 Koreans · Canada
1543
-17
Ouivoilà
5:57 Loom
8:26 Feudal Age
10:03 Double-Bit Axe
9:59 Domestication
12:27 Fletching
16:26 Town Watch
21:33 Castle Age
22:08 Forging
25:53 Bow Saw
29:29 Pastoralism
32:15 Imperial Age
30:23 Fortified Wall
30:35 Scale Barding Armor
31:56 Husbandry
32:18 Chain Barding Armor
32:03 Light Cavalry
33:22 Iron Casting
34:41 Plate Barding Armor
36:31 Wheelbarrow
36:58 Two-Man Saw
Me gusta papas fritas
10:27 Feudal Age
14:02 Castle Age
12:15 Double-Bit Axe
12:50 Horse Collar
15:28 Bow Saw
15:20 Heavy Plow
21:23 Wheelbarrow
21:59 Scale Mail Armor
22:15 Eagle Warrior
23:25 Chain Mail Armor
27:41 Hand Cart
29:44 Squires
30:33 Forging
32:57 Imperial Age
30:31 Loom
31:01 Arson
31:02 Gambesons
33:18 Iron Casting
33:01 Elite Eagle Warrior
34:23 Plate Mail Armor
35:22 Blast Furnace
35:27 Garland Wars
Moussaillon
11:08 Feudal Age
12:37 Horse Collar
12:57 Double-Bit Axe
15:18 Castle Age
14:49 Gold Mining
14:56 Loom
15:30 Fletching
16:37 Bow Saw
16:28 Heavy Plow
18:23 Wheelbarrow
17:37 Town Watch
18:27 Wheelbarrow
17:46 Elite Skirmisher
19:29 Bodkin Arrow
20:52 Padded Archer Armor
24:44 Padded Archer Armor
25:57 Gold Mining
31:50 Imperial Age
32:58 Bracer
32:35 Capped Ram
34:01 Siege Ram
36:20 Pikeman
PacmanStally
10:55 Feudal Age
14:56 Castle Age
12:44 Loom
12:55 Horse Collar
13:42 Double-Bit Axe
15:52 Bow Saw
27:12 Imperial Age
28:06 Padded Archer Armor
33:49 Scale Barding Armor
34:00 Leather Archer Armor
34:09 Conscription
34:57 Bloodlines
34:47 Husbandry
36:18 Heavy Plow
TheBoogeyman
11:27 Feudal Age
12:32 Double-Bit Axe
15:05 Castle Age
12:54 Horse Collar
14:59 Gold Mining
16:04 Bow Saw
16:02 Fletching
21:01 Wheelbarrow
20:29 Bodkin Arrow
24:12 Wheelbarrow
23:52 Loom
24:08 Stone Mining
24:52 Ballistics
31:38 Imperial Age
33:32 Chemistry
32:44 Bracer
33:51 Husbandry
Long-Long-Way
0:33 Loom
11:04 Feudal Age
17:26 Castle Age
16:41 Double-Bit Axe
16:51 Fletching
18:39 Bow Saw
26:16 Bodkin Arrow
26:59 Town Watch
27:40 Padded Archer Armor
34:52 Wheelbarrow
38:49 Imperial Age
Connection lost

Rejoining the realm…

Still unreachable

The connection could not be restored.

Session expired

The server has moved on; the page needs a fresh start.